 Dungeon Crawl Stone Soup version 0.25-a0-237-g0889b22 (webtiles) character file.

Game seed: 479011021178545391, levelgen mode: deterministic

1391 HungryMoth the Changer (level 8, -1/59 HPs)
             Began as a Purple Draconian Transmuter on Dec 2, 2019.
             Was a Believer of Wu Jian.
             Slain by a two-headed ogre
             ... wielding a +0 giant club
              (9 damage)
             ... on level 5 of the Dungeon.
             The game lasted 00:21:05 (4567 turns).

HungryMoth the Changer (DrTm)                       Turns: 4567, Time: 00:21:06

Health: -1/59      AC:  6    Str: 12    XL:     8   Next: 40%
Magic:  15/17      EV: 19    Int: 13    God:    Wu Jian [**....]
Gold:   180        SH:  0    Dex: 20    Spells: 4/19 levels left

rFire    . . .     SeeInvis .     - Unarmed
rCold    . . .     Gourm    .   (shield currently unavailable)
rNeg     . . .     Faith    .   (armour unavailable)
rPois    x         Spirit   .   (helmet currently unavailable)
rElec    .         Reflect  .   (cloak currently unavailable)
rCorr    .         Harm     .   (gloves currently unavailable)
MR       +....                  (boots currently unavailable)
Stlth    +++.......             (no amulet)
HPRegen  0.19/turn              i - +4 ring of protection
MPRegen  0.15/turn              A - ring of stealth

@: spider-form (expiring)
A: tiny, (breathe power), unfitting armour, AC +6
a: End Transformation, Wall Jump, Renounce Religion


You were on level 5 of the Dungeon.
You worshipped Wu Jian.
Wu Jian was pleased with you.
You were not hungry.
You were a venomous arachnid creature.
You visited 1 branch of the dungeon, and saw 5 of its levels.

You collected 180 gold pieces.

Inventory:

Missiles
 a - 89 arrows
Jewellery
 i - a +4 ring of protection (left front leg)
 y - an uncursed ring of fire
 A - a ring of stealth (right front leg)
Wands
 p - a wand of acid (4)
 B - a wand of iceblast (11)
Scrolls
 e - 2 scrolls of remove curse {unknown}
 f - 7 scrolls of identify {unknown}
 h - 2 scrolls of enchant armour {unknown}
 j - 3 scrolls of enchant weapon {unknown}
 m - 3 scrolls of teleportation {unknown}
 n - a scroll of amnesia {unknown}
 t - a scroll of magic mapping {unknown}
 w - 2 scrolls of fear {unknown}
 C - 3 scrolls of blinking {unknown}
 E - a scroll of immolation {unknown}
Potions
 d - a potion of agility {unknown}
 g - 2 potions of brilliance {unknown}
 k - a potion of magic {unknown}
 o - a potion of lignification {unknown}
 q - 2 potions of invisibility {unknown}
 r - a potion of haste {unknown}
 s - a potion of degeneration {unknown}
 v - a potion of resistance {unknown}
 x - a potion of curing {unknown}
 D - a potion of berserk rage {unknown}
Comestibles
 c - 5 rations
 F - 4 chunks of flesh


   Skills:
 - Level 1.1 Fighting
 - Level 1.7 Dodging
 + Level 5.8 Unarmed Combat
 - Level 6.3 Spellcasting
 * Level 7.5 Transmutations


You had 4 spell levels left.
You knew the following spells:

 Your Spells              Type           Power        Failure   Level  Hunger
a - Beastly Appendage     Tmut           ###...       4%          1    None
b - Sticks to Snakes      Tmut           ###.....     5%          2    #......
c - Spider Form           Tmut/Pois      ##........   26%         3    ###....
d - Blade Hands           Tmut           ###.......   41%         5    ######.
e - Ice Form              Ice/Tmut       ##......     56%         4    ####...

Your spell library contained the following spells:

 Spells                   Type           Power        Failure   Level  Hunger


Dungeon Overview and Level Annotations

Branches:
Dungeon (5/15)
 Temple: D:4-7

Altars:
Ashenzari
Fedhas
Gozag
Hepliaklqana
Qazlal
Vehumet
Wu Jian


Innate Abilities, Weirdness & Mutations

((You can breathe bolts of dispelling energy.))
((Your rich purple scales are hard. (AC +6)))
You cannot fit into any form of body armour.
((You are cold-blooded and may be slowed by cold attacks.))


Message History

The two-headed ogre looks as sick as possible!
The two-headed ogre is lightly wounded.
The two-headed ogre barely misses you.
The two-headed ogre hits you with a +0 giant club!
You hit the two-headed ogre.
The two-headed ogre looks as sick as possible!
The two-headed ogre is lightly wounded.
You hit the two-headed ogre but do no damage.
The two-headed ogre looks as sick as possible!
The two-headed ogre is moderately wounded.
The two-headed ogre hits you with a +0 giant club!!
* * * LOW HITPOINT WARNING * * *
The two-headed ogre misses you.
You swap places.
You spin and attack the two-headed ogre.
You barely miss the two-headed ogre.
The two-headed ogre is moderately wounded.
Your transformation is almost over.
The two-headed ogre hits you with a +0 giant club!
You die...

#.#...#.######.# #......# ###.#
###..............###.#.##.#####.#
.......)...#.#...##..........##.#
####.<...#..## ..##..#.......)..#
##...##.## ##.....#..#.##.####
##.###..###.........#.##.#### ###
#.#.#...###......#......
#.......######.####.####
#####..sO...##.###### ##
#.#p###...)..# #. #....##...)..#
###. #.....#......# #...
#....##......# ##...
#.#..##......# #....
#.....).###### #.##. ####.####
#.##. #....########.###


You could see a two-headed ogre (pinned) and a neutral freed slave (wandering).

Vanquished Creatures
  Pikel (D:5)
  Sigmund (D:3)
  A slave (D:5)
  2 ogres
  2 phantoms (D:5)
  A crimson imp (D:5)
  2 hounds
  2 centaur skeletons (D:4)
  Jessica (D:3)
  Natasha (twice) (D:3)
  Terence (D:3)
  Robin (D:2)
  4 gnolls (D:5)
  4 adders
  An ooze (D:2)
  6 worms
  6 dart slugs
  3 leopard geckos
  3 orcs
  A ball python (D:2)
  5 bats
  6 giant cockroaches
  13 goblins
  7 hobgoblins
  4 kobolds
  3 quokkas
  A ball python skeleton (D:4)
  A frilled lizard (D:2)
  30 rats
115 creatures vanquished.

Vanquished Creatures (others)
  An iguana (D:5)
  An adder (D:5)
  An adder zombie (D:5)
3 creatures vanquished.

Grand Total: 118 creatures vanquished

Notes
Turn   | Place    | Note
-------+----------+-------------------------------------------
     0 | D:1      | HungryMoth the Draconian Transmuter began the quest for the
                  | Orb.
     0 | D:1      | Reached XP level 1. HP: 16/16 MP: 3/3
   152 | D:1      | Reached XP level 2. HP: 18/23 MP: 5/5
   793 | D:2      | Reached XP level 3. HP: 23/28 MP: 3/6
   980 | D:2      | Reached skill level 3 in Transmutations
  1026 | D:2      | Found an ornate altar of the Wu Jian Council.
  1032 | D:2      | Became a worshipper of the Wu Jian Council
  1124 | D:2      | Reached XP level 4. HP: 35/35 MP: 6/8
  1128 | D:2      | Learned a level 2 spell: Sticks to Snakes
  1132 | D:2      | Learned a level 3 spell: Spider Form
  1314 | D:2      | Found an opulent altar of Gozag.
  1314 | D:2      | Found a stormy altar of Qazlal.
  1467 | D:2      | Found a hazy altar of Hepliaklqana.
  1467 | D:2      | Found a blossoming altar of Fedhas.
  1482 | D:3      | Noticed Robin
  1482 | D:3      | Noticed Jessica
  1509 | D:3      | Noticed Terence
  1517 | D:3      | Killed Terence
  1553 | D:3      | Noticed Natasha
  1561 | D:3      | Killed Natasha
  1692 | D:3      | Reached * piety under Wu Jian
  1710 | D:3      | Reached XP level 5. HP: 34/40 MP: 10/10
  1885 | D:3      | Noticed Natasha
  1890 | D:3      | Killed Natasha
  2147 | D:3      | Killed Jessica
  2147 | D:3      | Reached skill level 4 in Transmutations
  2190 | D:2      | Killed Robin
  2221 | D:3      | Noticed Sigmund
  2574 | D:3      | Killed Sigmund
  2574 | D:3      | Reached XP level 6. HP: 40/47 MP: 5/12
  2682 | D:3      | Learned a level 5 spell: Blade Hands
  2922 | D:4      | Found a radiant altar of Vehumet.
  2963 | D:4      | Found a shattered altar of Ashenzari.
  2996 | D:4      | Reached skill level 5 in Transmutations
  2996 | D:4      | Your scales start taking on a rich purple colour.
  2996 | D:4      | Reached skill level 5 in Spellcasting
  2996 | D:4      | Reached XP level 7. HP: 52/52 MP: 11/15
  3319 | D:4      | Reached ** piety under Wu Jian
  3549 | D:5      | Entered Level 5 of the Dungeon
  3579 | D:5      | Noticed Pikel
  3617 | D:5      | Killed Pikel
  3617 | D:5      | Reached skill level 5 in Unarmed Combat
  3617 | D:5      | Reached skill level 6 in Transmutations
  3617 | D:5      | Reached XP level 8. HP: 45/59 MP: 13/17
  3776 | D:5      | Learned a level 4 spell: Ice Form
  3861 | D:5      | Reached skill level 7 in Transmutations
  3893 | D:5      | Noticed a two-headed ogre
  4567 | D:5      | Slain by a two-headed ogre

Levels and vault maps discovered:
D:1:      psy_arrival_radial01, layout_basic
D:2:      layout_rooms, lemuel_round_altar, amethyst_overflow_temple_binary,
          gammafunk_temple_overflow_elements, minmay_tromino_i2
D:3:      layout_rooms, chequers_arboretum, minmay_rat_hole, uniq_natasha,
          uniq_sigmund, uniq_robin, uniq_terence, uniq_jessica
D:4:      minmay_angry_zag, layout_basic, overflow_temple_1_default,
          fiery_altar_vehumet, first_ration, serial_park_tiny_1,
          kennysheep_decorative_pillar
D:5:      layout_loops_cross, uniq_pikel

Skill      XL: |  1  2  3  4  5  6  7  8 |
---------------+-------------------------+-----
Transmutations | 3 4 5 6 7 |  7.5
Spellcasting   | 3 4 5 6 |  6.3
Unarmed Combat | 4 5 |  5.8
Fighting       | |  1.1
Dodging        | |  1.7

Action                   |  1- 3 |  4- 6 |  7- 9 || total
-------------------------+-------+-------+-------++-------
Melee: Unarmed           |   108 |   188 |   113 ||   409
       Tailslap          |    10 |    14 |     8 ||    32
       Headbutt          |     6 |     1 |     1 ||     8
       Punch             |     1 |     2 |     7 ||    10
       Kick              |     6 |     6 |       ||    12
 Cast: Beastly Appendage |    14 |     6 |     2 ||    22
       Spider Form       |       |    12 |    10 ||    22
       Sticks to Snakes  |       |     2 |       ||     2
Invok: Lunge             |     5 |    20 |    14 ||    39
       Whirlwind         |       |     7 |    11 ||    18
 Abil: End Transformatio |       |       |     1 ||     1
Evoke: Wand              |       |     4 |       ||     4
 Stab: Sleeping          |     1 |     1 |     2 ||     4
  Eat: Chunk             |     1 |     8 |     6 ||    15
Armor: Skin              |    37 |    45 |    13 ||    95
Dodge: Dodged            |    66 |   133 |    57 ||   256

Table legend:
 A = Non-vault XP
 B = Vault XP
 C = Vault XP percentage of total XP
 D = Non-vault monster count
 E = Vault monster count
 F = Vault count percentage of total count
                 A         B        C        D         E       F
            +---------+---------+-------+---------+---------+-------
      Total |     978 |    1010 |  50.8 |      72 |      40 |  35.7
            +---------+---------+-------+---------+---------+-------
        D:1 |      25 |       0 |   0.0 |      13 |       0 |   0.0
        D:2 |      90 |      20 |  18.2 |      26 |       5 |  16.1
        D:3 |      64 |     352 |  84.6 |      13 |      32 |  71.1
        D:4 |     263 |       9 |   3.3 |       9 |       2 |  18.2
        D:5 |     536 |     629 |  54.0 |      11 |       1 |   8.3
            +---------+---------+-------+---------+---------+-------
